 Dungeon Crawl Stone Soup version 0.28-a0-722-gc0678643b6 (webtiles) character file.

Game seed: 13069130763058942055

5383 1994 the Fighter (level 10, -1/104 HPs)
             Began as an Ogre Transmuter on Oct 25, 2021.
             Was a Follower of Ru.
             Succumbed to Erica's bolt of poison
             ... on level 8 of the Dungeon.
             The game lasted 00:24:07 (9652 turns).

1994 the Fighter (Ogre Transmuter)                  Turns: 9652, Time: 00:24:08

Health: -1/104     AC:  2    Str: 16    XL:     10   Next: 66%
Magic:  16/17      EV: 20    Int: 17    God:    Ru [*.....]
Gold:   345        SH:  0    Dex: 14    Spells: 9/19 levels left

rFire   . . .      SeeInvis .     - Unarmed
rCold   . . .      Faith    .   (shield currently unavailable)
rNeg    . . .      Spirit   .   (armour currently unavailable)
rPois   x          Reflect  .   (helmet currently unavailable)
rElec   .          Harm     .   (cloak currently unavailable)
rCorr   .          Rampage  .   (gloves unavailable)
Will    +....                   (boots unavailable)
Stlth   +.........              (no amulet)
HPRegen 0.27/turn               (no ring)
MPRegen 0.15/turn               (no ring)

@: lethally poisoned (-1 -> -29), spider-form
A: venomous fangs, tiny, unfitting armour, (tough skin 1), unskilled 1
a: End Transformation, Renounce Religion


You were on level 8 of the Dungeon.
You worshipped Ru.
Ru was aware of your devotion.
You were a venomous arachnid creature.
You visited 2 branches of the dungeon, and saw 9 of its levels.

You collected 345 gold pieces.

Inventory:

Missiles
 d - 264 stones
 n - 3 large rocks
 o - 24 poisoned darts (quivered)
 z - 2 throwing nets
 A - 3 boomerangs
Armour
 e - a +0 cloak (melded)
 g - a +0 kite shield
 j - a +2 robe of cold resistance (melded)
Jewellery
 f - a ring of ice
Wands
 t - a wand of iceblast (5)
 v - a wand of flame (35)
 w - a wand of acid (11)
Scrolls
 b - a scroll of fear
 c - 4 scrolls of teleportation
 i - a scroll of identify
 k - a scroll of fog {unknown}
 p - a scroll of vulnerability
 q - a scroll of magic mapping {unknown}
 s - a scroll of enchant weapon {unknown}
 y - a scroll of amnesia {unknown}
 B - 2 scrolls of enchant armour {unknown}
Potions
 a - 2 potions of magic
 h - a potion of flight
 l - a potion of resistance
 m - 3 potions of attraction
 r - a potion of berserk rage
 u - a potion of brilliance
 x - a potion of haste


   Skills:
 * Level 8.2 Fighting
 + Level 2.0 Throwing
 - Level 4.0 Dodging
 * Level 6.2 Unarmed Combat
 + Level 5.2 Spellcasting
 * Level 5.9 Transmutations
 + Level 3.4 Ice Magic
 * Level 4.5 Poison Magic


You had 9 spell levels left.
You knew the following spells:

 Your Spells              Type           Power      Damage    Failure   Level
a - Beastly Appendage     Tmut           48%        N/A       6%          1
b - Wereblood             Tmut           24%        N/A       8%          2
c - Spider Form           Tmut/Pois      11%        N/A       14%         3
d - Ice Form              Ice/Tmut       20%        N/A       41%         4

Your spell library contained the following spells:

 Spells                   Type           Power      Damage    Failure   Level
 Ensorcelled Hibernation  Hex/Ice        20%        N/A       26%         2
 Slow                     Hex            4%         N/A       43%         2
 Confusing Touch          Hex            4%         N/A       61%         3
 Inner Flame              Hex/Fire       4%         N/A       61%         3
 Yara's Violent Unravell  Hex/Tmut       7%         3d5       89%         5
 Cause Fear               Hex            2%         N/A       92%         4
 Discord                  Hex            2%         N/A       100%        8


Dungeon Overview and Level Annotations

Branches:
Dungeon (8/15)             Temple (1/1) D:6            Lair (0/6) D:8

Altars:
Ashenzari
Cheibriados
Elyvilon
Gozag
Hepliaklqana
Kikubaaqudgha
Makhleb
Nemelex Xobeh
Okawaru
Qazlal
Ru
Sif Muna
Trog
Uskayaw
Vehumet
Wu Jian
Xom
Yredelemnul
Zin
The Shining One

Shops:
D:6 :

Annotations:
D:8 Erica


Innate Abilities, Weirdness & Mutations

You are a venomous arachnid creature.
You have poisonous fangs.
You are tiny and dextrous.
Your spellcasting is less reliable in this form.
Your armour is entirely melded.
You are incapable of wielding weapons or throwing items.
You are too large for most types of armour.
((You have tough skin. (AC +1)))
You are somewhat unskilled. (-1 Apt)


Message History

Casting: Ice Form (dangerous; 21% risk of failure)
Confirm with . or Enter, or press ? or * to list all spells.
You warm up again.
Your +0 cloak unmelds from your body.
Your +2 robe of cold resistance unmelds from your body.
You feel resistant to cold.
You turn into a venomous arachnid creature.
Your +0 cloak melds into your body.
Your +2 robe of cold resistance melds into your body.
You feel less resistant to cold.
Unknown command.
Unknown command.
You barely miss Erica. You bite Erica!
Erica is lightly wounded.
Erica casts a spell.
Erica flickers and vanishes!
Deactivating autopickup; reactivate with Ctrl-A.
You bite something!
You hear some strange, mumbled words.
Something tries to affect you, but you resist.
You hit something. Something hits you! Something burns you.
You closely miss something. Something hits you! Something burns you.
You closely miss something. Something hits you! Something burns you.
You closely miss something.
You hear some strange, mumbled words.
Something tries to affect you, but you resist.
You hit something. Something hits you! Something burns you.
You hear some strange, mumbled words.
A bolt of poison appears from out of thin air!
The bolt of poison misses you.
You hear some strange, mumbled words.
A bolt of poison appears from out of thin air!
The bolt of poison hits you!!
You are poisoned.
* * * LOW HITPOINT WARNING * * *
* * * LOW HITPOINT WARNING * * *
You feel extremely sick.
Okay, then.
You die...

######### #.......# #
#.#####.######### #.
####.#####.##...#... #.
#..s.(.(##.#........
###.######.##.##.##<...†.....
#..........##.##.##)#).......
.....).########.....).##...#...
.#...#.########........########
.... #.#........##.##.## ..#
#.#........##....# !
#.#........##.##.##.#
..#........#........#


There were no monsters in sight!

Vanquished Creatures
  A two-headed ogre (D:8)
  Sigmund (D:2)
  A wraith (D:5)
  A wyvern (D:8)
  3 basilisks (D:8)
  Eustachio (D:5)
  A vampire mosquito (D:6)
  4 yaks (D:8)
  2 steam dragons
  An acid dragon (D:6)
  4 water moccasins
  2 orc warriors (D:8)
  An ice beast (D:4)
  2 sky beasts
  A hornet zombie (D:8)
  A black bear (D:7)
  A necrophage (D:6)
  2 centaurs
  3 ogres (D:5)
  A phantom (D:3)
  Blork the orc (D:6)
  A wyvern zombie (D:8)
  3 water moccasin zombies
  A howler monkey (D:8)
  4 crimson imps (D:5)
  A jelly (D:5)
  A bullfrog zombie (D:6)
  A centaur zombie (D:7)
  2 hounds
  An orc priest (D:8)
  A gnoll shaman (D:8)
  2 iguanas
  Terence (D:2)
  4 orc wizards
  2 killer bee zombies (D:6)
  5 gnolls (D:8)
  A howler monkey skeleton (D:5)
  8 adders
  A shadow imp (D:5)
  2 worms (D:3)
  3 dart slugs
  17 orcs
  10 ball pythons
  9 bats
  8 endoplasms
  4 giant cockroaches
  11 goblins
  8 hobgoblins
  7 kobolds
  4 quokkas
  3 frilled lizards
  5 rats
166 creatures vanquished.

Vanquished Creatures (others)
  A bullfrog (D:7)
  5 fungi (D:8)
  25 plants (D:8)
31 creatures vanquished.

Grand Total: 197 creatures vanquished

Notes
Turn   | Place    | Note
-------+----------+-------------------------------------------
     0 | D:1      | 1994 the Ogre Transmuter began the quest for the Orb.
     0 | D:1      | Reached XP level 1. HP: 19/19 MP: 3/3
   225 | D:1      | Reached XP level 2. HP: 28/28 MP: 2/5
   300 | D:1      | Reached skill level 2 in Fighting
   491 | D:1      | Learned a level 2 spell: Wereblood
   671 | D:2      | Reached XP level 3. HP: 34/35 MP: 5/7
   713 | D:2      | Noticed Terence
   747 | D:1      | Learned a level 3 spell: Spider Form
   754 | D:2      | Killed Terence
   908 | D:2      | Noticed Sigmund
   934 | D:2      | Reached XP level 4. HP: 43/44 MP: 6/8
   947 | D:2      | Found a faded altar of an unknown god.
  1024 | D:2      | Killed Sigmund
  1025 | D:2      | Reached skill level 3 in Fighting
  1025 | D:2      | Reached skill level 1 in Poison Magic
  1025 | D:2      | Reached XP level 5. HP: 33/53 MP: 6/9
  1320 | D:2      | Reached XP level 6. HP: 44/61 MP: 7/10
  1431 | D:2      | Learned a level 4 spell: Ice Form
  2005 | D:3      | Found a basalt altar of Yredelemnul.
  2454 | D:3      | Found a snail-covered altar of Cheibriados.
  2809 | D:3      | Reached skill level 4 in Fighting
  3365 | D:4      | Found a sparkling altar of Nemelex Xobeh.
  3539 | D:4      | Reached XP level 7. HP: 60/70 MP: 8/12
  3574 | D:4      | Found a stormy altar of Qazlal.
  3575 | D:4      | Found an ancient bone altar of Kikubaaqudgha.
  3576 | D:4      | Found a radiant altar of Vehumet.
  3576 | D:4      | Found a sacrificial altar of Ru.
  3586 | D:4      | Became a worshipper of Ru the Awakened
  3683 | D:5      | Entered Level 5 of the Dungeon
  3683 | D:5      | Noticed a wraith
  3706 | D:5      | Noticed Eustachio
  3720 | D:5      | Killed Eustachio
  3721 | D:5      | Reached skill level 1 in Ice Magic
  4027 | D:5      | Reached skill level 5 in Fighting
  4273 | D:4      | Reached XP level 8. HP: 45/80 MP: 11/13
  4618 | D:5      | Found a shimmering altar of Xom.
  4715 | D:5      | Reached skill level 6 in Fighting
  4730 | D:5      | Reached skill level 5 in Unarmed Combat
  4783 | D:5      | Killed a wraith
  5058 | D:5      | Reached XP level 9. HP: 92/92 MP: 7/15
  5187 | D:6      | Noticed Blork the orc
  5199 | D:6      | Killed Blork the orc
  5541 | D:6      | Reached skill level 5 in Transmutations
  5635 | D:6      | Found Taplosi's Self-Improvement Boutique.
  5646 | D:6      | Reached skill level 7 in Fighting
  5698 | D:6      | Gained mutation: You are somewhat unskilled. (-1 Apt) [Ru
                  | sacrifice]
  5698 | D:6      | Reduced skill Fighting to level 6
  5698 | D:6      | Reached * piety under Ru
  5727 | D:6      | Found a staircase to the Ecumenical Temple.
  5740 | Temple   | Entered the Ecumenical Temple
  7569 | D:7      | Reached skill level 5 in Transmutations
  7998 | D:8      | Reached skill level 7 in Fighting
  8198 | D:8      | Found an iron altar of Okawaru.
  8267 | D:8      | Reached XP level 10. HP: 96/102 MP: 12/17
  8268 | D:8      | Reached skill level 1 in Throwing
  8357 | D:8      | Found a staircase to the Lair.
  8386 | D:8      | HP: 4/102 [poisoned by a water moccasin]
  8391 | D:8      | Noticed a two-headed ogre
  8990 | D:8      | Reached skill level 5 in Spellcasting
  9339 | D:8      | Killed a two-headed ogre
  9340 | D:8      | Reached skill level 8 in Fighting
  9571 | D:8      | Found a glowing golden altar of the Shining One.
  9633 | D:8      | Noticed Erica
  9651 | D:8      | HP: 5/104 [poisoned by Erica (bolt of poison)]
  9652 | D:8      | Succumbed to Erica's bolt of poison

Illustrated notes

Levels and vault maps discovered:
D:1:      lightli_arrival_chessboard, layout_rooms,
          amcnicky_mini_corridor_feature
D:2:      minmay_skewed_foursquare, layout_basic,
          chequers_ecumenical_altar_simple_redux, uniq_sigmund, uniq_terence
D:3:      kb_forest_paths, layout_rooms, slow_altar_1, lemuel_tele_altar
D:4:      layout_basic, chequers_temple_overflow_statue_of_worship,
          nemelex_diamond_rough_becter, chequers_serial_rivers_micro_a
D:5:      layout_cave_pools, led_xom_imps, uniq_eustachio
D:6:      minmay_cornered_nines, layout_loops_corners,
          minmay_temple_entry_fiery, chequers_serial_rivers_small_a,
          nicolae_shop_self_help, uniq_blork_the_orc
D:7:      layout_gridville
D:8:      layout_loops_cross, marbit_many_paths, kennysheep_okawaru_gauntlet,
          minmay_lair_entry_grove, uniq_erica, uniq_maurice, uniq_grum
Temple:   eino_temple_lava

Skill      XL: |  1  2  3  4  5  6  7  8  9 10 |
---------------+-------------------------------+-----
Transmutations | 2 3 4 5 |  5.9
Fighting       | 2 3 4 5 6 7 8 |  8.2
Unarmed Combat | 3 4 5 6 |  6.2
Dodging        | 2 3 4 |  4.0
Spellcasting   | 3 4 5 |  5.2
Poison Magic   | 1 2 3 3 4 |  4.5
Ice Magic      | 1 2 3 |  3.4
Throwing       | 2 |  2.0

Action                   |  1- 3 |  4- 6 |  7- 9 | 10-12 || total
-------------------------+-------+-------+-------+-------++-------
Melee: Unarmed           |    96 |   200 |   333 |    72 ||   701
       Kick              |     7 |    23 |    23 |       ||    53
       Headbutt          |     2 |    17 |    17 |     1 ||    37
       Punch             |     1 |     2 |       |     1 ||     4
Throw: Dart              |       |       |       |     7 ||     7
 Cast: Beastly Appendage |    11 |    23 |    15 |     2 ||    51
       Wereblood         |     1 |       |       |       ||     1
       Spider Form       |     1 |     4 |    16 |     3 ||    24
       Ice Form          |       |       |     8 |     5 ||    13
Invok: Sacrifice Skill   |       |       |     1 |       ||     1
  Use: Scroll            |       |     7 |     6 |     2 ||    15
       Potion            |       |       |     1 |     2 ||     3
 Stab: Sleeping          |     1 |     2 |       |       ||     3
Armor: Robe              |    38 |    67 |    51 |     1 ||   157
       Skin              |       |     2 |    27 |    22 ||    51
Dodge: Dodged            |    39 |   142 |   212 |    20 ||   413

Table legend: (Time is in decaauts)
 A = Elapsed time spent in this place.
 B = Non-inter-level travel time spent in this place.
 C = Inter-level travel time spent in this place.
 D = Time resting spent in this place.
 E = Time spent auto-exploring this place.
 F = Levels seen in this place.
 G = Mean time per level.
                   A        B        C        D        E       F      G
               +--------+--------+--------+--------+--------+-----+--------+
         Total |   9596 |   8959 |    637 |   3429 |   3389 |   9 | 1066.2 |
       Dungeon |   9523 |   8892 |    631 |   3429 |   3327 |   8 | 1190.4 |
        Temple |     73 |     67 |      6 |      0 |     62 |   1 |   73.0 |
               +--------+--------+--------+--------+--------+-----+--------+

Top non-repeatable levels by time:
     D:6: 1814 daAuts
     D:8: 1456 daAuts
     D:5: 1238 daAuts
     D:2: 1149 daAuts
     D:7: 1145 daAuts
     D:3: 1126 daAuts
     D:4: 923 daAuts
     D:1: 670 daAuts
  Temple: 73 daAuts
